 Dungeon Sprint DCSS version 0.20-a0-700-gbd4582c (webtiles) character file.

22 esc the Sneak (level 2, -2/13 (14) HPs)
             Began as a Spriggan Enchanter on Feb 20, 2017.
             Slain by a necrophage (5 damage)
             ... in the Dungeon (Sprint II: "The Violet Keep of Menkaure").
             The game lasted 00:00:27 (18 turns).

esc the Sneak (Spriggan Enchanter)                    Turns: 18, Time: 00:00:28

HP:   -2/13 (14)    AC:  2    Str:  4      XL:     2   Next: 68%
MP:   5/7           EV: 19    Int: 13 (16) God:
Gold: 0             SH:  0    Dex: 16      Spells: 7/8 levels left

rFire    . . .     SeeInvis +   a - +1 dagger
rCold    . . .     Gourm    .   b - +0 robe
rNeg     . . .     Faith    .   (shield restricted)
rPois    .         Spirit   .   (helmet restricted)
rElec    .         Reflect  .   (no cloak)
rCorr    .         Harm     .   (gloves unavailable)
MR       .....     NoTele   +   (boots unavailable)
Stlth    +++.......             (no amulet)
Regen    0.1/turn               (no ring)
MPRegen  0.1/turn               (no ring)

@: very quick
A: unfitting armour, see invisible, herbivore 3, speed 3, slow metabolism 2
a: no special abilities


You were in the Dungeon.
You were not hungry.

You visited 1 branch

Inventory:

Hand Weapons
 a - a +1 dagger (weapon)
Armour
 b - a +0 robe (worn)
Scrolls
 j - a scroll of blinking {!r}
Potions
 e - a potion of curing
 f - a potion of heal wounds
 g - a potion of haste
 h - 2 potions of magic
 i - a potion of berserk rage {!q}
Books
 c - a book of Maledictions
Comestibles
 d - a bread ration {@e1}


   Skills:
 + Level 1.5 Fighting
 + Level 2.5 Short Blades
 + Level 4.3 Dodging
 + Level 5.6 Stealth
 + Level 3.9 Spellcasting
 + Level 4.4 Hexes


You had 7 spell levels left.
You knew the following spells:

 Your Spells              Type           Power        Failure   Level  Hunger
v - Corona                Hex            ##.....      4%          1    None


Dungeon Overview and Level Annotations

Branches:
Dungeon (1/1)

Altars:


Innate Abilities, Weirdness & Mutations

You are very small and have problems with some larger weapons.
You are too small for most types of armour.
You have supernaturally acute eyesight. (SInv)
You are a herbivore.
You cover ground extremely quickly.
You need consume almost no food.


Message History

Welcome, esc the Spriggan Enchanter.
Found a staircase leading out of the dungeon.
You open the door. 2 tyrant leeches come into view.
As you close the door, it creaks loudly!
You open the door. 4 necrophages come into view.
You close the door.
A necrophage opens the door.
You open the door. 4 neqoxecs come into view.
The neqoxec shouts! x3
The neqoxec gestures.
The neqoxec gestures at you.
Something tries to feed on your intellect!
You open the door. 2 worker ants come into view.
There is an open door here. 2 worker ants come into view.
The worker ant twitches its antennae in your direction.
You see here 243 gold pieces.
The helpless worker ant fails to defend itself.
You puncture the worker ant!
You kill the worker ant!
Your Fighting skill increases to level 1!
Your Short Blades skill increases to level 2!
Your Dodging skill increases to level 4!
Your Stealth skill increases to level 5!
Your Spellcasting skill increases to level 3!
Your Hexes skill increases to level 4!
You have reached level 2!
The necrophage hits you.
You feel your flesh rotting away!
The worker ant twitches its antennae in your direction.
Health restored: 13 Unknown command.
You hit the worker ant. The worker ant closely misses you.
The necrophage hits you. The worker ant barely misses you.
You take 3 damage, and have 10/13 hp.
MASSIVE DAMAGE!!
You closely miss the worker ant.
The worker ant twitches its antennae in your direction.
The worker ant misses you.
The neqoxec gestures.
The worker ant completely misses you.
You completely miss the worker ant. The worker ant misses you.
The necrophage hits you but does no damage.
The worker ant bites you!
Ouch! That really hurt!
* * * LOW HITPOINT WARNING * * *
You take 7 damage, and have 3/13 hp.
MASSIVE DAMAGE!!
Unknown command.
You hit the worker ant. The worker ant misses you.
The necrophage barely misses you.
The neqoxec gestures.
The neqoxec gestures at you.
You feel dopey. Something feeds on your intellect!
The worker ant completely misses you.
You hit the worker ant but do no damage.
The worker ant closely misses you. The necrophage misses you.
The worker ant closely misses you.
You hit the worker ant but do no damage.
The worker ant misses you. The necrophage hits you.
You die...

## ## ##. $##
.w w. # .#.
## ##. #+#
.##
#...##n###a.#
#55n3n@#
#...##3###aa#
##n #'# .## #


335 ## ..##3 ### ## You could see 2 neqoxecs, 3 necrophages, 3 worker ants, an
iron imp and an ufetubus.

Vanquished Creatures
  A worker ant (D)
1 creature vanquished.

Notes
Turn   | Place    | Note
-------+----------+-------------------------------------------
     0 | D        | esc the Spriggan Enchanter began the quest for the Orb.
     0 | D        | Reached XP level 1. HP: 9/9 MP: 5/5
     1 | D        | Noticed a tyrant leech
     1 | D        | Noticed a tyrant leech
     4 | D        | Noticed a necrophage
     4 | D        | Noticed a necrophage
     4 | D        | Noticed a necrophage
     4 | D        | Noticed a necrophage
     7 | D        | Noticed a neqoxec
     7 | D        | Noticed a neqoxec
     7 | D        | Noticed a neqoxec
     7 | D        | Noticed a neqoxec
     8 | D        | Noticed a crimson imp
     9 | D        | Noticed a worker ant
     9 | D        | Noticed a worker ant
    11 | D        | Noticed a worker ant
    11 | D        | Noticed a worker ant
    12 | D        | Killed a worker ant
    12 | D        | Reached skill level 1 in Fighting
    12 | D        | Reached skill level 2 in Short Blades
    12 | D        | Reached skill level 4 in Dodging
    12 | D        | Reached skill level 5 in Stealth
    12 | D        | Reached skill level 3 in Spellcasting
    12 | D        | Reached skill level 4 in Hexes
    12 | D        | Reached XP level 2. HP: 14/14 MP: 5/7
    15 | D        | HP: 3/13 [worker ant (7)]
    18 | D        | Slain by a necrophage

Vault maps used:
D:        the_violet_keep_of_menkaure

Skill      XL: |  1 |
---------------+----+-----
Fighting       | 1 |  1.5
Short Blades   | 2 |  2.5
Dodging        | 4 |  4.3
Stealth        | 5 |  5.6
Spellcasting   | 3 |  3.9
Hexes          | 4 |  4.4

Action                   || total
-------------------------++-------
Melee: Dagger            ||     7
 Stab: Sleeping          ||     1
Armor: Robe              ||     1
Dodge: Dodged            ||    12

Vault maps used:
D:        the_violet_keep_of_menkaure

Table legend:
 A = Turns spent in this place as a percentage of turns spent in the entire game.
 B = Non-inter-level travel turns spent in this place as a percentage of non-inter-level travel turns spent in the entire game.
 C = Inter-level travel turns spent in this place as a percentage of turns spent in this place.
 D = Turns resting spent in this place as a percentage of non-inter-level travel turns spent in this place.
 E = Turns spent auto-exploring this place as a percentage of non-inter-level travel turns spent in this place.
 F = Non-inter-level travel turns spent in this place divided by the number of levels of this place that you've seen.
                   A       B       C       D       E      F
               +-------+-------+-------+-------+-------+----------------------
         Total | 100.0 | 100.0 |   0.0 |   0.0 |   0.0 |  21.0
       Dungeon | 100.0 | 100.0 |   0.0 |   0.0 |   0.0 |  21.0
               +-------+-------+-------+-------+-------+----------------------

Table legend:
 A = Kills in this place as a percentage of kills in entire the game.
 B = Kills by you in this place as a percentage of kills by you in the entire game.
 C = Kills by friends in this place as a percentage of kills by friends in the entire game.
 D = Other kills in this place as a percentage of other kills in the entire game.
 E = Experience gained in this place as a percentage of experience gained in the entire game.
 F = Experience gained in this place divided by the number of levels of this place that you have seen.
                   A       B       C       D       E      F
               +-------+-------+-------+-------+-------+----------------------
         Total | 100.0 | 100.0 |  -nan |  -nan | 100.0 |  32.0
       Dungeon | 100.0 | 100.0 |  -nan |  -nan | 100.0 |  32.0
               +-------+-------+-------+-------+-------+----------------------
